 Dungeon Crawl Stone Soup version 0.28.0-62-gf88900778d (webtiles) character file.

Game seed: 8709498170892133534

170 cbfl8 the Chopper (level 5, -9/46 HPs)
             Began as a Hill Orc Fighter on May 26, 2023.
             Was an Initiate of Beogh.
             Mangled by an ogre
             ... wielding a +0 giant spiked club
              (18 damage)
             ... on level 4 of the Dungeon.
             The game lasted 00:02:15 (3449 turns).

cbfl8 the Chopper (Hill Orc Fighter)                Turns: 3449, Time: 00:02:16

Health: -9/46      AC: 15    Str: 25    XL:     5   Next: 51%
Magic:  5/5        EV:  6    Int:  8    God:    Beogh [......]
Gold:   129        SH:  4    Dex: 12    Spells: 4/4 levels left

rFire   . . .      SeeInvis .   m - +0 broad axe
rCold   . . .      Faith    .   c - +0 buckler
rNeg    . . .      Spirit   .   p - +0 plate armour
rPois   .          Reflect  .   (no helmet)
rElec   .          Harm     .   (no cloak)
rCorr   .          Rampage  .   (no gloves)
Will    .....                   o - +2 pair of boots
Stlth   ..........              (no amulet)
HPRegen 0.15/turn               k - +4 ring of slaying
MPRegen 0.09/turn               a - +6 ring of strength

@: mighty
A: no striking features
a: Renounce Religion


You were on level 4 of the Dungeon.
You worshipped Beogh.
Beogh was noncommittal.
You visited 1 branch of the dungeon, and saw 4 of its levels.

You collected 129 gold pieces.

Inventory:

Hand Weapons
 m - a +0 broad axe (weapon)
Armour
 c - a +0 buckler (worn)
 o - a +2 pair of boots (worn)
 p - a +0 plate armour (worn)
Jewellery
 a - a +6 ring of strength (right hand)
 k - a +4 ring of slaying (left hand)
Wands
 r - a wand of polymorph (9) (quivered)
Scrolls
 b - a scroll of torment {unknown}
 f - a scroll of vulnerability {unknown}
 h - 3 scrolls of enchant armour {unknown}
 i - 4 scrolls of identify {unknown}
 l - 3 scrolls of enchant weapon {unknown}
Potions
 g - a potion of resistance {unknown}
 j - 2 potions of mutation {unknown}
 n - a potion of ambrosia {unknown}
 q - 2 potions of haste {unknown}


   Skills:
 + Level 4.2 Fighting
 + Level 4.9 Axes
 + Level 4.2 Armour
 + Level 0.2 Dodging
 + Level 0.2 Stealth
 + Level 3.6 Shields
 * Level 1.9 Evocations


You had 4 spell levels left.
You didn't know any spells.
Your spell library contained the following spells:

 Spells                   Type           Power      Damage    Failure   Level
 Magic Dart               Conj           0%         1d3       100%        1
 Searing Ray              Conj           0%         2d4       100%        2
 Fulminant Prism          Conj/Hex       0%         3d6       100%        4


Dungeon Overview and Level Annotations

Branches:
Dungeon (4/15)
 Temple: D:4-7

Altars:


Message History

You block the kobold's attack.
Unknown command.
You barely miss the kobold. The kobold barely misses you.
You closely miss the kobold. The kobold hits you but does no damage.
You block the kobold's attack.
You closely miss the ogre. You hit the kobold.
You kill the kobold!
Beogh accepts your kill.
The ogre hits you with a +0 giant spiked club!
You hit the ogre.
The ogre is lightly wounded.
You block the ogre's attack.
You slash the ogre!
The ogre is heavily wounded.
The ogre hits you with a +0 giant spiked club!
Unknown command.
You barely miss the ogre.
The ogre is heavily wounded.
The ogre hits you with a +0 giant spiked club!
Unknown command.
You hit the ogre.
The ogre is heavily wounded.
You block the ogre's attack.
The ogre hits you with a +0 giant spiked club!
* * * LOW HITPOINT WARNING * * *
Unknown command.
It was a potion of curing.
You feel better.
Unknown command.
You feel better.
The ogre hits you with a +0 giant spiked club.
* * * LOW HITPOINT WARNING * * *
Okay, then.
Aiming: Polymorph
Press: ? - help, Q - select action Shift-Dir - straight line, f - ogre
Aim: an ogre, wielding a +0 giant spiked club (heavily wounded, will become a rime drake, a raiju, or a sky beast, chance to affect: 53%)
Okay, then.
Unknown command.
You feel very mighty all of a sudden.
The ogre hits you with a +0 giant spiked club!!
You die...

..........).......# #.#
........####.####.###.##
........# #.# #..†...#
#######.# #.# #########
#.# #.###...
#.####...#.####
#.#........#..#
#.#.####......#.# #
###@)....# #....†.O....#
#.#######.....# .#...# #
..# .# . ######


You could see an ogre.

Vanquished Creatures
  A hound (D:4)
  2 hound skeletons (D:4)
  6 adders
  An adder skeleton (D:4)
  3 dart slugs
  5 endoplasms
  3 giant cockroaches
  5 goblins
  6 hobgoblins
  2 jackals (D:3)
  4 quokkas
  3 ball pythons
  4 bats
  2 frilled lizards
  4 kobolds
  A rat (D:1)
52 creatures vanquished.

Notes
Turn   | Place    | Note
-------+----------+-------------------------------------------
     0 | D:1      | cbfl8 the Hill Orc Fighter began the quest for the Orb.
     0 | D:1      | Reached XP level 1. HP: 19/19 MP: 1/1
   470 | D:1      | Reached XP level 2. HP: 26/27 MP: 2/2
   549 | D:1      | Reached skill level 1 in Evocations
  1180 | D:2      | Reached XP level 3. HP: 33/33 MP: 3/3
  1955 | D:2      | Found a faded altar of an unknown god.
  2496 | D:3      | Reached XP level 4. HP: 40/40 MP: 4/4
  2756 | D:3      | Became a worshipper of Beogh the Brigand
  3342 | D:4      | Reached XP level 5. HP: 46/46 MP: 5/5
  3436 | D:4      | Noticed an ogre
  3449 | D:4      | Mangled by an ogre

Illustrated notes

Levels and vault maps discovered:
D:1:      minmay_arrival_nine_rooms, layout_basic, grunt_decor_junction
D:2:      layout_basic, shapermc_ecumenical_altar_mp_vishouse,
          corexii_item_surrounded_by_moat, palyth_stone_intersect
D:3:      layout_rooms
D:4:      layout_basic

Skill      XL: |  1  2  3  4 |
---------------+-------------+-----
Evocations     | 1 |  1.9
Fighting       | 4 |  4.2
Axes           | 3 4 |  4.9
Armour         | 4 |  4.2
Dodging        | |  0.2
Stealth        | |  0.2
Shields        | |  3.6

Action                   |  1- 3 |  4- 6 || total
-------------------------+-------+-------++-------
Melee: War axe           |    46 |       ||    46
       Broad axe         |    25 |    54 ||    79
Invok: Convert to Beogh  |       |     1 ||     1
  Use: Potion            |       |     3 ||     3
Armor: Scale mail        |    21 |       ||    21
       Plate armour      |     5 |    29 ||    34
Dodge: Dodged            |    38 |    21 ||    59
Block: Buckler           |    18 |    13 ||    31
